 Dungeon Crawl Stone Soup version 0.30.1-11-g7821555f0a (webtiles) character file.

Game seed: 10208510527482551461

589 caec the Insei (level 7, -6/52 HPs)
             Began as a White Draconian Transmuter on Jan 3, 2024.
             Mangled by a sixfirhy (11 damage)
             ... summoned by a kobold demonologist
             ... on level 5 of the Dungeon.
             The game lasted 00:10:00 (4196 turns).

caec the Insei (White Draconian Transmuter)         Turns: 4196, Time: 00:10:02

Health: -6/52      AC:  2    Str: 13    XL:     7   Next: 15%
Magic:  12/13      EV: 21    Int: 13    God:
Gold:   201        SH:  0    Dex: 23    Spells: 4/14 levels left

rFire   x .          .
                       - Unarmed
rCold   + + .        (shield currently unavailable)
rNeg    + . .        (body armour unavailable)
rPois   x            (helmet currently unavailable)
rElec   .            j - melded +0 cloak
rCorr   .            h - melded +0 pair of gloves
SInv    +            (boots currently unavailable)
Will    .....        o - amulet of Efiegotz {RegenMP rC+}
Stlth   ++           i - ring of see invisible
HPRegen 0.28/turn    m - ring of Curiosity {Ice rN+ Dex+5}
MPRegen 0.53/turn

%: no passive effects
@: spider-form (expiring)
A: venomous fangs, (breathe frost), AC +6, tiny, unfitting armour, (cold
resistance 1), (cold-blooded)
a: End Transformation


You were on level 5 of the Dungeon.
You were a venomous arachnid creature.
You visited 1 branch of the dungeon, and saw 5 of its levels.

You collected 201 gold pieces.

Inventory:

Missiles
 l - 5 curare-tipped darts (quivered)
Armour
 h - a +0 pair of gloves (melded)
 j - a +0 cloak (melded)
Jewellery
 i - a ring of see invisible (left front pincers)
 m - the ring of Curiosity (right front pincers) {Ice rN+ Dex+5}
   (You found it on level 4 of the Dungeon)

   [ring of ice]

   It enhances your ice magic.
   Dex:       It affects your dexterity (+5).
   rF:        It makes you vulnerable to fire.
   rC:        It protects you from cold.
   rN:        It protects you from negative energy.
 o - the amulet of Efiegotz (around neck) {RegenMP rC+}
   (You found it on level 4 of the Dungeon)

   [amulet of magic regeneration]

   It increases your rate of magic regeneration.
   rC:        It protects you from cold.
Scrolls
 d - 2 scrolls of blinking {unknown}
 e - 2 scrolls of magic mapping {unknown}
 f - a scroll of poison {unknown}
 k - 2 scrolls of fear {unknown}
Potions
 a - 3 potions of lignification
 b - a potion of mutation {unknown}
 c - 2 potions of attraction
 g - a potion of might {unknown}
 n - a potion of curing {unknown}
 p - a potion of berserk rage {unknown}


   Skills:
 + Level 1.4 Fighting
 + Level 2.7 Dodging
 - Level 0.5 Stealth
 + Level 5.7 Unarmed Combat
 + Level 4.1 Spellcasting
 * Level 3.7 Transmutations
 + Level 0.6 Poison Magic


You had 4 spell levels left.
You knew the following spells:

 Your Spells              Type           Power      Damage    Failure   Level
a - Beastly Appendage     Tmut           24%        N/A       14%         1
b - Wereblood             Tmut           12%        N/A       19%         2
c - Spider Form           Tmut/Pois      8%         N/A       47%         3
d - Ice Form              Ice/Tmut       11%        N/A       85%         4

Your spell library contained the following spells:

 Spells                   Type           Power      Damage    Failure   Level
 Passwall                 Tmut/Erth      5%         N/A       32%         2
 Sandblast                Erth           4%         2d4       41%         1
 Ensorcelled Hibernation  Hex/Ice        8%         N/A       52%         2
 Stone Arrow              Conj/Erth      4%         3d7       73%         3
 Swiftness                Air            2%         N/A       73%         3


Dungeon Overview and Level Annotations

Branches:
Dungeon (5/15)
 Temple: D:4-7

Altars:
Ashenzari
Fedhas
Makhleb
Nemelex Xobeh
Qazlal
Uskayaw
Wu Jian

Shops:
D:1 [


Innate Abilities, Weirdness & Mutations

You are a venomous arachnid creature.
You have venomous fangs.
You are tiny and dextrous.
Your spellcasting is less reliable in this form.
Your armour is entirely melded.
You are incapable of wielding weapons or throwing items.
((You can breathe waves of freezing cold which knock back foes.))
((Your icy white scales are hard. (AC +6)))
You cannot fit into any form of body armour.
((Your flesh is cold resistant. (rC+)))
((You are cold-blooded and may be slowed by cold attacks.))


Message History

Casting: Spider Form (dangerous; 26% risk of failure)
Confirm with . or Enter, or press ? or * to list all spells.
You turn into a venomous arachnid creature.
Your +0 cloak melds into your body.
Your +0 pair of gloves melds into your body.
The kobold brigand hits you with a +0 dagger.
You hit the kobold brigand.
The kobold brigand is lightly wounded.
The kobold brigand hits you with a +0 dagger!
You hit the kobold brigand but do no damage.
The kobold brigand is lightly wounded.
You closely miss the kobold demonologist.
You bite the kobold demonologist!
The kobold demonologist is poisoned.
The kobold demonologist is lightly wounded.
The kobold demonologist closely misses you.
You hit the kobold demonologist.
The kobold demonologist looks as sick as possible!
The kobold demonologist is moderately wounded.
Your transformation is almost over.
The kobold demonologist misses you.
You hit the kobold demonologist but do no damage.
The kobold demonologist looks as sick as possible!
The kobold demonologist is moderately wounded.
You have got your breath back.
The kobold demonologist hits you but does no damage.
You hit the kobold demonologist.
The kobold demonologist is severely wounded.
The kobold demonologist hits you with a +0 dagger.
Your magical contamination has completely faded away.
You closely miss the kobold demonologist.
The kobold demonologist is severely wounded.
The kobold demonologist mumbles some strange words.
You barely miss the kobold demonologist.
The kobold demonologist is severely wounded.
The sixfirhy barely misses you. The sixfirhy hits you! The sixfirhy shocks you!
* * * LOW HITPOINT WARNING * * *
The sixfirhy hits you!
* * * LOW HITPOINT WARNING * * *
The sixfirhy shocks you!
You die...

.#.# ### #.# .#.# #..÷
#÷# .#.# ..... ##.##
.#.# .....K####÷.÷####
...# )..K÷KK÷..KK÷.÷.+
.### ...÷÷K####KKK####
..# ....÷ ##K###.# ..#
#... #K# #.# ..# ###
#s# #.# ..# #3###.#
..# #..##.# #.#
.######.##.# #.#
...........#
#.###############.####
#.................#
###################


You could see a kobold demonologist (extremely poisoned), a sixfirhy (summoned)
and 6 kobold brigands.

Vanquished Creatures
  2 ogres
  A jelly (D:4)
  Crazy Yiuf (D:3)
  2 orc priests (D:3)
  A hound (D:4)
  2 iguanas (D:4)
  Robin (D:3)
  4 gnolls (D:2)
  5 adders
  5 worms
  3 dart slugs
  7 orcs
  7 ball pythons
  7 bats
  8 endoplasms
  6 giant cockroaches
  16 goblins
  10 hobgoblins
  4 jackals (D:1)
  4 quokkas
  5 frilled lizards
  2 kobolds
  4 rats
107 creatures vanquished.

Notes
Turn   | Place    | Note
-------+----------+-------------------------------------------
     0 | D:1      | caec the Draconian Transmuter began the quest for the Orb.
     0 | D:1      | Reached XP level 1. HP: 16/16 MP: 3/3
   167 | D:1      | Reached XP level 2. HP: 22/23 MP: 3/5
   174 | D:1      | Learned a level 2 spell: Wereblood
   433 | D:1      | Reached XP level 3. HP: 24/28 MP: 2/6
   546 | D:1      | Found Izalath's Antique Armour Shoppe.
  1040 | D:2      | Reached XP level 4. HP: 10/35 MP: 3/8
  1277 | D:2      | Reached skill level 4 in Unarmed Combat
  2158 | D:3      | Reached XP level 5. HP: 40/40 MP: 6/9
  2158 | D:3      | Noticed Robin
  2169 | D:3      | Killed Robin
  2447 | D:3      | Reached skill level 5 in Unarmed Combat
  2681 | D:3      | Found a runed translucent door.
  2682 | D:3      | Noticed Crazy Yiuf
  2914 | D:3      | Learned a level 3 spell: Spider Form
  2921 | D:3      | Killed Crazy Yiuf
  2922 | D:3      | Reached XP level 6. HP: 7/46 MP: 8/11
  3462 | D:4      | Identified the ring of Curiosity {Ice rN+ Dex+5}
  3573 | D:4      | Identified the amulet of Efiegotz {RegenMP rC+}
  3666 | D:4      | Found an ornate altar of the Wu Jian Council.
  3673 | D:4      | Found a burning altar of Makhleb.
  3681 | D:4      | Found a stormy altar of Qazlal.
  3689 | D:4      | Found a broken altar of Ashenzari.
  3696 | D:4      | Found a hide-covered altar of Uskayaw.
  3704 | D:4      | Found a blossoming altar of Fedhas.
  3716 | D:4      | Found a sparkling altar of Nemelex Xobeh.
  4076 | D:5      | Entered Level 5 of the Dungeon
  4084 | D:5      | Your scales start taking on an icy white colour.
  4084 | D:5      | Reached XP level 7. HP: 52/52 MP: 11/13
  4084 | D:5      | Gained mutation: Your flesh is cold resistant. (rC+) [White
                  | Draconian growth]
  4097 | D:5      | Learned a level 4 spell: Ice Form
  4176 | D:5      | Found the +7 Throatcutter {drain, coup de grace}
  4176 | D:5      | Noticed a kobold demonologist
  4196 | D:5      | Noticed a sixfirhy
  4196 | D:5      | Mangled by a sixfirhy

Illustrated notes

Levels and vault maps discovered:
D:1:      giann_forest_graveyard, layout_loops_ring, serial_shops,
          nicolae_shop_overgrown_old_shop
D:2:      layout_basic, minmay_tetromino_o2
D:3:      layout_basic, uniq_crazy_yiuf_cottage, uniq_robin
D:4:      minmay_chambers_of_twos, layout_loops_ring,
          grunt_temple_overflow_octagram
D:5:      layout_basic, kennysheep_cross_bottleneck,
          dilly_guarded_unrand_throatcut, uniq_edmund, uniq_prince_ribbit1,
          uniq_ijyb

Skill      XL: |  1  2  3  4  5  6 |
---------------+-------------------+-----
Dodging        | 2 |  2.7
Spellcasting   | 3 4 |  4.1
Unarmed Combat | 4 5 |  5.7
Transmutations | 3 |  3.7
Fighting       | |  1.4
Stealth        | |  0.5
Poison Magic   | |  0.6

Action                     |  1- 3 |  4- 6 |  7- 9 || total
---------------------------+-------+-------+-------++-------
  Melee: Unarmed           |    70 |   184 |     9 ||   263
         Kick              |    20 |    47 |       ||    67
         Tailslap          |     8 |    16 |       ||    24
         Headbutt          |     7 |    21 |       ||    28
         Punch             |     1 |     3 |       ||     4
  Throw: Dart              |       |     1 |       ||     1
         Throwing net      |       |     1 |       ||     1
   Cast: Beastly Appendage |    17 |    31 |       ||    48
         Wereblood         |     5 |    14 |       ||    19
         Spider Form       |       |     3 |     1 ||     4
Ability: Breathe Frost     |       |       |     1 ||     1
         End Transformatio |       |       |     1 ||     1
    Use: Scroll            |     2 |       |       ||     2
   Stab: Sleeping          |     1 |     2 |       ||     3
 Armour: Skin              |    15 |    63 |     1 ||    79
  Dodge: Dodged            |    39 |   136 |     7 ||   182
